 Dungeon Crawl Stone Soup version 0.24-a0-235-g3f03afcf10 (webtiles) character file.

Game seed: 4299386310556273960

24721 MrRokkomies the Basher (level 13, -5/80 HPs)
             Began as a Kobold Abyssal Knight on Apr 9, 2019.
             Was a Believer of Lugonu.
             Slain by a black mamba (9 damage)
             ... on level 4 of the Lair of Beasts.
             The game lasted 01:00:34 (18967 turns).

MrRokkomies the Basher (Kobold Abyssal Knight)     Turns: 18967, Time: 01:00:35

Health: -5/80      AC: 19    Str: 19    XL:     13   Next: 45%
Magic:  10/19      EV: 13    Int: 15    God:    Lugonu [**....]
Gold:   331        SH:  0    Dex: 16    Spells: 12/12 levels left

rFire    + + .     SeeInvis .   a - +0 morningstar
rCold    x . .     Gourm    .   (shield restricted)
rNeg     . . .     Faith    .   L - +6 fire dragon scales
rPois    .         Spirit   .   (no helmet)
rElec    .         Reflect  .   d - scarf {repulsion}
rCorr    .         Harm     .   K - +0 pair of gloves
MR       .....                  s - +0 pair of boots
Stlth    ..........             (no amulet)
HPRegen  0.23/turn              k - +5 ring of strength
MPRegen  0.16/turn              N - +3 ring of strength

@: lethally poisoned (-5 -> -9), hasted, repel missiles, very quick
A: small, carnivore
a: Depart the Abyss, Bend Space, Renounce Religion


You were on level 4 of the Lair of Beasts.
You worshipped Lugonu.
Lugonu was pleased with you.
You were not hungry.

You visited 2 branches of the dungeon, and saw 14 of its levels.
You visited the Abyss 1 time.
You also visited: Volcano.

You collected 844 gold pieces.
You spent 513 gold pieces at shops.

Inventory:

Hand Weapons
 a - a +0 morningstar (weapon)
 b - a +4 arbalest of freezing
 w - a +7 blowgun
 z - a +2 mace
 A - the +6 dagger of the Whelk {pierce, +Fly rC- Stlth+}
   (You found it on level 6 of the Dungeon)

   It inflicts extra damage upon your enemies.
   It makes you vulnerable to cold.
   It lets you fly.
   It makes you more stealthy.
Missiles
 f - 8 bolts
 n - 14 poisoned needles
 T - 135 sling bullets
Armour
 d - a scarf of repulsion (worn)
 g - the +2 chain mail of the Doldrums {+Inv rC+ Str+4}
   (You found it on level 2 of the Abyss)

   It affects your strength (+4).
   It protects you from cold.
   It lets you turn invisible.
 p - a +1 cloak
 s - a +0 pair of boots (worn)
 K - a +0 pair of gloves (worn)
 L - +6 fire dragon scales (worn)
Jewellery
 k - a +5 ring of strength (left hand)
 l - an uncursed ring of protection from fire
 q - an uncursed ring of stealth
 B - an uncursed ring of protection from magic
 H - an uncursed ring of magical power
 N - a +3 ring of strength (right hand)
Wands
 e - a wand of acid (3)
 E - a wand of clouds (4)
 J - a wand of random effects (4)
 M - a wand of enslavement (11)
 R - a wand of iceblast (8)
Scrolls
 h - 2 scrolls of amnesia
 j - a scroll of fog
 r - 4 scrolls of blinking
 y - 3 scrolls of teleportation
 C - a scroll of immolation
 D - 7 scrolls of remove curse
 I - a scroll of holy word
Potions
 m - 3 potions of brilliance
 o - 4 potions of flight
 t - 2 potions of haste
 u - a potion of berserk rage {unknown}
 v - 3 potions of might
 x - 3 potions of invisibility
 F - 2 potions of lignification {unknown}
 G - a potion of cancellation {unknown}
 O - 2 potions of resistance {unknown}
 P - 2 potions of magic {unknown}
Comestibles
 c - 17 rations


   Skills:
 * Level 9.6 Fighting
 * Level 13.3 Maces & Flails
 - Level 8.0 Armour
 - Level 2.4 Dodging
 - Level 8.1 Invocations
 - Level 9.0 Evocations


You had 12 spell levels left.
You didn't know any spells.
Your spell library contained the following spells:

 Spells                   Type           Power        Failure   Level  Hunger
 Magic Dart               Conj           #...         65%         1    ##.....
 Blink                    Tloc           N/A          78%         2    ###....
 Call Imp                 Summ           #.......     78%         2    ###....
 Slow                     Hex            #.......     78%         2    ###....
 Conjure Flame            Conj/Fire      #.......     95%         3    ####...
 Mephitic Cloud           Conj/Pois/Air  #.......     95%         3    ####...


Dungeon Overview and Level Annotations

Branches:
Dungeon (10/15)            Temple (0/1) D:4            Lair (4/6) D:10
  Swamp (0/4) Lair:3       Spider (0/4) Lair:2
    Orc: D:9-12

Altars:
Ashenzari
Elyvilon
Fedhas
Gozag
Hepliaklqana
Nemelex Xobeh
Okawaru
Qazlal
Ru
Trog
Xom
Yredelemnul
Zin
The Shining One

Shops:
D:6 ([*

Annotations:
D:5 3 runed translucent doors, yrara's ghost, novice DsFi
D:7 1 runed translucent door, yrara's ghost, novice DsFi
Lair:4 1 runed translucent door, Gall2222's ghost, journeyman OgTm


Innate Abilities, Weirdness & Mutations

You are small and have problems with some larger weapons.
You are carnivorous and can eat meat at any time.


Message History

The black mamba is heavily wounded.
The black mamba bites you but does no damage.
You barely miss the black mamba.
The black mamba is heavily wounded.
The black mamba bites you!
* * * LOW HITPOINT WARNING * * *
The black mamba bites you!
* * * LOW HITPOINT WARNING * * *
You are poisoned.
The black mamba poisons you!
You feel yourself speed up.
You feel sick. The black mamba bites you.
* * * LOW HITPOINT WARNING * * *
The black mamba bites you but does no damage.
You barely miss the black mamba.
The black mamba is heavily wounded.
* * * LOW HITPOINT WARNING * * *
You feel sick. The black mamba barely misses you.
* * * LOW HITPOINT WARNING * * *
You feel sick. The black mamba bites you!
You die...

.#.... .... ...... ...##
....^# ....
.P........#....##...#
.........##.#P......###
#.....................#.
#...............!.......
................@.......
.................S......
........................
#.....................
#...†#####..###.......
###...## #### ...#.#.
......# ..#.#.. ###...#
....... .##....# ...#..


You could see a black mamba.

Vanquished Creatures
  Snorg (Lair:4)
  A fire dragon (Volcano)
  2 hydras
  A catoblepas (Lair:2)
  A lindwurm (Volcano)
  Pikel (D:4)
  4 spiny frogs
  A komodo dragon (Lair:3)
  2 jumping spiders (Lair:2)
  4 trolls
  A polar bear (Lair:4)
  2 hornets (D:8)
  4 hippogriffs
  10 blink frogs (Lair:4)
  A meliai zombie (D:9)
  6 redbacks (Lair:2)
  26 yaks
  7 fire bats (Volcano)
  A vampire mosquito (D:8)
  Menkaure (D:7)
  A hungry ghost (D:10)
  2 hell hounds
  6 water moccasins
  6 porcupines
  A hornet zombie (D:10)
  A sky beast (D:6)
  A black bear (D:7)
  2 phantoms
  2 centaurs
  2 ogres (D:8)
  6 necrophages (Lair:3)
  5 wolves (Lair:1)
  3 crocodiles
  15 bullfrogs
  2 scorpions
  5 wights (D:6)
  2 lava snakes (Volcano)
  3 howler monkeys
  6 crimson imps
  A bullfrog skeleton (D:10)
  6 hounds
  3 jellies
  A centaur skeleton (D:6)
  4 orc priests
  6 orc wizards
  Crazy Yiuf (D:3)
  10 worker ants
  2 iguanas (D:4)
  A killer bee zombie (D:4)
  2 hound skeletons
  12 adders
  8 gnolls
  A shadow imp (D:7)
  An ooze (D:1)
  An adder skeleton (D:4)
  2 worms
  3 dart slugs
  4 leopard geckos
  19 orcs
  2 ball pythons
  10 bats
  3 giant cockroaches
  6 goblins
  15 hobgoblins
  5 jackals
  6 quokkas
  3 frilled lizards (D:3)
  5 kobolds
  7 rats
298 creatures vanquished.

Vanquished Creatures (others)
  The ghost of MrRokkomies the Thrower, a journeyman OgHu of Dithmenos (Lair:2)
  A hydra (Lair:2)
  An elephant (D:10)
  2 black mambas
  2 molten gargoyles (Volcano)
  A rime drake (Lair:2)
  A komodo dragon (Lair:4)
  A hornet (D:10)
  A yak (D:9)
  A hell hound (Lair:1)
  A lava snake (Volcano)
  A quokka (D:4)
  A jackal skeleton (D:4)
  3 fungi
  3 plants (Lair:1)
21 creatures vanquished.

Grand Total: 319 creatures vanquished

Notes
Turn   | Place    | Note
-------+----------+-------------------------------------------
     0 | Abyss:1  | MrRokkomies the Kobold Abyssal Knight began the quest for
                  | the Orb.
     0 | Abyss:1  | Reached XP level 1. HP: 14/14 MP: 2/2
    48 | Abyss:2  | Found a corrupted altar of Lugonu.
    62 | Abyss:2  | Noticed a smoke demon
    66 | Abyss:2  | Got a shimmering chain mail
    68 | D:1      | Escaped the Abyss
   336 | D:1      | Identified the +2 chain mail of the Doldrums {+Inv rC+
                  | Str+4} (You found it on level 2 of the Abyss)
   367 | D:1      | Reached skill level 2 in Maces & Flails
   387 | D:1      | Reached XP level 2. HP: 18/19 MP: 3/3
   572 | D:1      | Reached * piety under Lugonu
   572 | D:1      | Reached XP level 3. HP: 15/24 MP: 4/4
  1159 | D:2      | Found a sparkling altar of Nemelex Xobeh.
  1234 | D:2      | Found a bloodstained altar of Trog.
  1424 | D:2      | Reached XP level 4. HP: 26/29 MP: 5/5
  1466 | D:2      | Found a white marble altar of Elyvilon.
  2131 | D:2      | Found a basalt altar of Yredelemnul.
  2288 | D:3      | Reached skill level 3 in Maces & Flails
  2553 | D:3      | Found a runed translucent door.
  2554 | D:3      | Noticed Crazy Yiuf
  2559 | D:3      | Killed Crazy Yiuf
  2559 | D:3      | Reached XP level 5. HP: 34/34 MP: 7/7
  2905 | D:3      | Found an iron altar of Okawaru.
  3065 | D:3      | Reached ** piety under Lugonu
  3146 | D:3      | Reached skill level 5 in Fighting
  3146 | D:3      | Reached XP level 6. HP: 38/40 MP: 8/8
  3326 | D:4      | Found a staircase to the Ecumenical Temple.
  3409 | D:4      | Noticed Pikel
  3409 | D:4      | Noticed a slave
  3409 | D:4      | Noticed a slave
  3409 | D:4      | Noticed a slave
  3410 | D:4      | Noticed a slave
  3426 | D:4      | Killed Pikel
  3426 | D:4      | Reached skill level 4 in Maces & Flails
  3426 | D:4      | Reached XP level 7. HP: 38/47 MP: 8/10
  3478 | D:4      | Reached skill level 5 in Maces & Flails
  3483 | D:4      | Reached XP level 8. HP: 34/52 MP: 11/11
  3663 | D:4      | Reached skill level 1 in Evocations
  4362 | D:5      | Entered Level 5 of the Dungeon
  4694 | D:5      | Found a runed translucent gate.
  4695 | D:5      | Found a runed translucent gate.
  4695 | D:5      | Found an opulent altar of Gozag.
  4696 | D:5      | Noticed yrara's ghost (novice DsFi)
  4698 | D:5      | Found a runed translucent gate.
  4713 | D:5      | Reached skill level 5 in Invocations
  4920 | D:5      | Got a faintly glowing falchion
  5667 | D:6      | Reached skill level 6 in Maces & Flails
  5734 | D:6      | Found Cohu's Armour Shop.
  5863 | D:6      | Reached XP level 9. HP: 42/56 MP: 13/13
  6065 | D:6      | Found a glowing golden altar of the Shining One.
  6080 | D:6      | Reached skill level 5 in Evocations
  6285 | D:6      | Found a sacrificial altar of Ru.
  6314 | D:6      | Found Gusukh's Weapon Shop.
  6330 | D:6      | Found Zin's Purification Station.
  6660 | D:6      | Reached *** piety under Lugonu
  6681 | D:6      | Reached skill level 7 in Maces & Flails
  6719 | D:6      | Found a glowing silver altar of Zin.
  6905 | D:6      | Found a shimmering altar of Xom.
  6906 | D:6      | Found a shimmering altar of Xom.
  6945 | D:6      | Got a pitted dagger
  7159 | D:7      | Found a runed translucent door.
  7159 | D:7      | Noticed yrara's ghost (novice DsFi)
  7329 | D:7      | Identified the +6 dagger of the Whelk {pierce, +Fly rC-
                  | Stlth+} (You found it on level 6 of the Dungeon)
  7503 | D:7      | Found a hazy altar of Hepliaklqana.
  7528 | D:7      | Noticed Menkaure
  7535 | D:7      | Killed Menkaure
  7777 | D:7      | Found a blossoming altar of Fedhas.
  7777 | D:7      | Found an opulent altar of Gozag.
  7777 | D:7      | Found a shattered altar of Ashenzari.
  7780 | D:7      | Found a bloodstained altar of Trog.
  8214 | D:8      | Noticed a hornet
  8218 | D:8      | Reached XP level 10. HP: 60/61 MP: 15/15
  8227 | D:8      | Paralysed by a hornet for 2 turns
  8229 | D:8      | Reached skill level 8 in Maces & Flails
  9516 | D:9      | Reached skill level 9 in Maces & Flails
  9814 | D:9      | Reached skill level 1 in Armour
 10227 | D:9      | Found a stormy altar of Qazlal.
 10472 | D:10     | Entered Level 10 of the Dungeon
 10514 | D:10     | Reached XP level 11. HP: 59/66 MP: 17/17
 10588 | D:10     | Reached **** piety under Lugonu
 11102 | D:10     | Found a staircase to the Lair.
 11130 | D:10     | Paralysed by a hornet for 2 turns
 11133 | D:10     | Noticed an elephant
 11137 | D:10     | Banished an elephant
 11137 | D:10     | Reached skill level 10 in Maces & Flails
 11159 | Lair:1   | Entered Level 1 of the Lair of Beasts
 11280 | Lair:1   | HP: 2/66 [hell hound (5)]
 11300 | Lair:1   | Found a dark tunnel.
 11319 | Volcano  | Entered a volcano
 11781 | Volcano  | Found a bloodstained altar of Trog.
 11781 | Volcano  | Noticed a lindwurm
 11791 | Volcano  | Killed a lindwurm
 11791 | Volcano  | Reached skill level 5 in Armour
 12072 | Volcano  | Noticed a fire dragon
 12094 | Volcano  | Killed a fire dragon
 12385 | Lair:1   | Reached skill level 11 in Maces & Flails
 12695 | Lair:1   | Reached XP level 12. HP: 57/71 MP: 18/18
 13753 | Lair:1   | Noticed a four-headed hydra
 13761 | Lair:1   | Killed a four-headed hydra
 14676 | D:6      | Bought a +7 blowgun for 513 gold pieces
 14906 | Lair:2   | Noticed an eight-headed hydra
 14918 | Lair:2   | Killed an eight-headed hydra
 14918 | Lair:2   | Reached skill level 12 in Maces & Flails
 15907 | Lair:2   | Noticed a four-headed hydra
 15908 | Lair:2   | Banished a four-headed hydra
 16115 | Lair:2   | Found a hole to the Spider Nest.
 16619 | Lair:2   | Noticed a catoblepas
 16642 | Lair:2   | Killed a catoblepas
 16642 | Lair:2   | Reached XP level 13. HP: 44/76 MP: 17/19
 17126 | Lair:2   | Found a large runed translucent door.
 17126 | Lair:2   | Found a large runed translucent door.
 17127 | Lair:2   | Noticed MrRokkomies's ghost (journeyman OgHu)
 17134 | Lair:2   | Banished MrRokkomies's ghost
 17813 | Lair:3   | Found a staircase to the Swamp.
 18260 | Lair:4   | Noticed Snorg
 18286 | Lair:4   | Reached skill level 13 in Maces & Flails
 18288 | Lair:4   | Killed Snorg
 18910 | Lair:4   | Found a runed translucent door.
 18910 | Lair:4   | Found a shimmering altar of Xom.
 18910 | Lair:4   | Noticed Gall2222's ghost (journeyman OgTm)
 18918 | Lair:4   | Found a glowing silver altar of Zin.
 18967 | Lair:4   | HP: 4/80 [poisoned by a black mamba]
 18967 | Lair:4   | Slain by a black mamba

Levels and vault maps discovered:
D:1:      minmay_arrival_cross, layout_loops_ring, minmay_pentomino_s2
D:2:      minmay_spotlight, layout_loops_corners, kennysheep_ying_yang,
          nemelex_xobeh_ov_fountains_minmay, bloody_trog
D:3:      layout_loops_corners, nicolae_overflow_crystal_walls,
          uniq_crazy_yiuf_cottage
D:4:      layout_gridville, minmay_temple_entry_trees, first_ration, uniq_pikel
D:5:      layout_layer_cave, nicolae_ossuary_entry_ruins, ebering_ghost_gozag,
          corexii_checkpoint_a
D:6:      layout_loops_ring, zin_purify, xom_redecorated,
          lemuel_coloured_pillars_altar, serial_shops,
          nicolae_shop_competitors_out_of_business, nicolae_shop_behind_doors,
          chequers_serial_rivers_micro_d, tso_altar
D:7:      layout_gridville, old_standard_altar,
          chequers_temple_overflow_statue_of_worship, ebering_ghost_inner_flame,
          uniq_menkaure
D:8:      layout_basic, hangedman_pestilent_swarm, minmay_three_doors
D:9:      layout_basic, kennysheep_little_box
D:10:     layout_gridville, david_lair_generic, basic_altar, minivault_13
Lair:1:   layout_regular_city, enter_volcano_3, columned_hall_lemuel
Lair:2:   layout_long_grid, nicolae_spider_entry_tight_spaces,
          ebering_ghost_disaster_area
Lair:3:   layout_roguey, swamp_mist, roderic_carrion_pond
Lair:4:   layout_regular_city, gauntlet_entry_generic, ebering_ghost_xom,
          st_stairs_3, chequers_serial_rivers_room_b, lemuel_altar_in_water2,
          uniq_snorg
Abyss:1
Abyss:2:  hangedman_elemental_corridor
Volcano:  volcano_lake [vl_original]

Skill      XL: |  1  2  3  4  5  6  7  8  9 10 11 12 13 |
---------------+----------------------------------------+-----
Maces & Flails | 2 3 4 5 6 7 9 11 12 13 | 13.3
Fighting       | 4 5 6 7 9 |  9.6
Invocations    | 3 4 5 6 8 |  8.1
Evocations     | 4 7 9 |  9.0
Armour         | 2 6 8 |  8.0
Dodging        | |  2.4

Action                   |  1- 3 |  4- 6 |  7- 9 | 10-12 | 13-15 || total
-------------------------+-------+-------+-------+-------+-------++-------
Melee: Mace              |    92 |   169 |   338 |       |       ||   599
       Morningstar       |       |       |   101 |   489 |   186 ||   776
 Fire: Blowgun           |       |       |       |    37 |     2 ||    39
       Arbalest          |       |       |       |       |     9 ||     9
Throw: Throwing net      |       |       |       |     2 |       ||     2
Invok: Depart the Abyss  |     1 |       |       |       |       ||     1
       Bend Space        |       |       |       |    11 |     1 ||    12
       Banish            |       |       |       |    12 |     7 ||    19
Evoke: Wand              |       |     3 |       |    51 |     5 ||    59
  Use: Scroll            |     8 |     1 |     7 |     9 |     4 ||    29
       Potion            |       |     1 |     1 |     7 |     4 ||    13
 Stab: Held in net/web   |       |       |       |     2 |       ||     2
  Eat: Chunk             |     2 |    10 |    18 |    28 |    12 ||    70
       Ration            |       |       |       |     4 |       ||     4
Armor: Chain mail        |    71 |    95 |   283 |   173 |       ||   622
       Leather armour    |     2 |       |       |       |       ||     2
       Fire dragon scale |       |       |       |   140 |    76 ||   216
Dodge: Dodged            |    56 |    98 |   259 |   355 |   132 ||   900
       Deflected         |       |       |       |     2 |       ||     2

Table legend:
 A = Non-vault XP
 B = Vault XP
 C = Vault XP percentage of total XP
 D = Non-vault monster count
 E = Vault monster count
 F = Vault count percentage of total count
                 A         B        C        D         E       F
            +---------+---------+-------+---------+---------+-------
      Total |   24760 |   10556 |  29.9 |     259 |      52 |  16.7
            +---------+---------+-------+---------+---------+-------
        D:1 |      41 |       1 |   2.4 |      21 |       1 |   4.5
        D:2 |      59 |       7 |  10.6 |      12 |       4 |  25.0
        D:3 |     127 |      37 |  22.6 |      30 |       1 |   3.2
        D:4 |     411 |     607 |  59.6 |      21 |       1 |   4.5
        D:5 |     455 |       5 |   1.1 |      16 |       2 |  11.1
        D:6 |    1292 |       0 |   0.0 |      25 |       0 |   0.0
        D:7 |     462 |     169 |  26.8 |      15 |       1 |   6.2
        D:8 |     893 |     934 |  51.1 |      14 |       7 |  33.3
        D:9 |    1919 |       0 |   0.0 |      12 |       0 |   0.0
       D:10 |    2331 |     511 |  18.0 |      21 |       2 |   8.7
     Lair:1 |    5435 |     227 |   4.0 |      26 |       2 |   7.1
     Lair:2 |    5830 |    2420 |  29.3 |      21 |       9 |  30.0
     Lair:3 |    1590 |     741 |  31.8 |      10 |       6 |  37.5
     Lair:4 |    3915 |    1095 |  21.9 |      15 |       1 |   6.2
    Volcano |       0 |    3802 | 100.0 |       0 |      15 | 100.0
            +---------+---------+-------+---------+---------+-------
